Map: Ulrena

Players

mmax - Winner!

  • Race: Zerg Zerg
  • League: Gold
  • Spawn Location: 11:00

Fropez

  • Race: Protoss Protoss
  • League: Silver
  • Spawn Location: 7:00

VOD

Have the link to the VOD?

Description

Time

  • Played on: July 11, 2016, 12:40 p.m.
  • Length: 15:03
Show
View Real Time Build Order
Export as new Build Order

mmax Zerg - Winner!

Build Orders: Hatch First, Lurkers 

Get SALT Encoding   

  12  0:01  Drone  
  13  0:14  Drone  
  14  0:21  Overlord  
  14  0:24  Extractor, Drone  
  15  0:53  Drone x3  
  19  1:04  Drone  
  19  1:11  Extractor  
  19  1:17  Drone  
  19  1:18  Hatchery  
  18  1:23  Spawning Pool  
  17  1:27  Drone  
  18  1:38  Drone  
  19  1:46  Drone  
  20  2:13  Drone  
  20  2:14  Drone  
  22  2:16  Hatchery  
  21  2:24  Drone  
  21  2:29  Queen x2  
  26  2:35  Drone x2  
  28  2:49  Metabolic Boost  
  28  2:54  Overlord  
  28  2:55  Overlord  
  28  2:56  Overlord  
  28  3:13  Spore Crawler  
  24  3:21  Spore Crawler  
  24  3:25  Zergling x2  
  24  3:26  Zergling x6  
  22  3:52  Drone  
  22  3:53  Drone x5  
  26  4:02  Spine Crawler  
  24  4:03  Zergling x2  
  24  4:10  Zergling x2  
  23  4:17  Zergling x4  
  23  4:18  Zergling x2  
  23  4:21  Zergling x2  
  26  4:31  Zergling x2  
  25  4:50  Zergling x2  
  25  4:51  Spine Crawler  
  20  5:03  Drone x4  
  24  5:09  Zergling x4  
  24  5:11  Zergling x2  
  27  5:19  Queen  
  29  5:23  Zergling x2  
  29  5:25  Zergling x2  
  31  5:28  Zergling x2  
  32  5:38  Zergling x2  
  32  5:39  Zergling x4  
  35  5:45  Roach Warren  
  35  5:48  Drone  
  33  5:58  Zergling x2  
  33  5:59  Zergling x6  
  33  6:00  Zergling x2  
  38  6:07  Zergling x4  
  40  6:19  Zergling x10  
  40  6:48  Roach  
  40  6:49  Roach x7  
  54  6:59  Drone x2  
  56  7:07  Roach  
  45  7:35  Drone x6  
  45  7:36  Drone x4  
  55  7:38  Drone x2  
  55  7:40  Overlord x2  
  55  7:42  Extractor  
  55  7:43  Drone  
  57  7:44  Extractor  
  56  8:01  Zergling x6  
  56  8:02  Zergling x8  
  56  8:03  Roach  
  65  8:13  Roach x2  
  69  8:32  Lair  
  69  8:35  Extractor  
  69  8:37  Drone x4  
  72  8:42  Drone  
  72  8:44  Overlord x3  
  72  8:45  Overlord  
  73  8:50  Evolution Chamber  
  73  8:52  Evolution Chamber  
  73  8:53  Ravager  
  72  8:56  Overlord x3  
  72  9:02  Queen  
  74  9:05  Drone x2  
  74  9:07  Drone  
  77  9:16  Drone x4  
  81  9:19  Drone  
  81  9:20  Drone  
  83  9:25  Zerg Missile Weapons Level 1  
  83  9:27  Drone  
  83  9:29  Drone  
  83  9:30  Drone  
  86  9:43  Hydralisk Den, Zerg Ground Armor Level 1  
  86  9:52  Drone  
  86  9:53  Drone  
  86  9:55  Drone x2  
  86  9:56  Drone x3  
  86  9:57  Drone x2  
  94  10:02  Spine Crawler  
  94  10:04  Spine Crawler  
  94  10:05  Drone, Spore Crawler  
  94  10:07  Drone  
  93  10:08  Drone  
  93  10:10  Extractor  
  93  10:11  Drone  
  93  10:13  Extractor, Drone  
  94  10:26  Muscular Augments  
  94  10:31  Drone x3  
  94  10:32  Drone x2  
  94  10:33  Drone  
  94  10:34  Overlord, Drone  
  94  10:35  Overlord x2  
  101  10:55  Hydralisk  
  101  10:56  Hydralisk x7  
  117  11:10  Hydralisk x5  
  117  11:11  Hydralisk x2  
  125  11:14  Pneumatized Carapace  
  129  11:35  Hydralisk  
  129  11:36  Hydralisk x7  
  144  11:45  Ravager  
  144  11:46  Ravager  
  146  11:47  Overlord x2  
  146  11:48  Overlord x3  
  145  11:59  Lurker Den  
  145  12:00  Zerg Missile Weapons Level 2  
  145  12:05  Zerg Ground Armor Level 2  
  145  12:18  Hatchery  
  141  12:33  Hydralisk  
  141  12:34  Hydralisk x8  
  146  12:51  Hydralisk x3  
  146  12:52  Hydralisk x3  
  148  13:11  Hydralisk x6  
  156  13:24  Hydralisk x3, Drone  
  153  13:32  Lurker x2  
  144  13:48  Lurker x2  
  146  13:55  Lurker  
  146  14:05  Overseer x3  
Show
View Real Time Build Order
Export as new Build Order

Fropez Protoss 

Build Orders: Mass Adepts 

Get SALT Encoding   

  12  0:01  Probe (Chrono Boost)  
  13  0:16  Pylon  
  13  0:19  Probe (Chrono Boost)  
  14  0:30  Probe (Chrono Boost)  
  15  0:40  Pylon  
  15  0:46  Gateway  
  15  0:47  Probe (Chrono Boost)  
  16  0:55  Assimilator  
  16  0:57  Probe (Chrono Boost)  
  17  1:08  Probe (Chrono Boost)  
  18  1:13  Gateway  
  18  1:18  Probe (Chrono Boost)  
  18  1:25  Assimilator  
  19  1:37  Cybernetics Core  
  19  1:41  Probe (Chrono Boost)  
  20  1:51  Gateway  
  20  1:55  Probe (Chrono Boost)  
  21  2:06  Probe (Chrono Boost)  
  22  2:15  Adept x2  
  26  2:18  Warp Gate (Chrono Boost)  
  26  2:38  Adept  
  28  2:50  Adept  
  30  2:57  Pylon  
  30  3:15  Adept x2  
  34  3:26  Adept  
  36  3:42  Adept  
  38  3:51  Adept  
  34  4:14  Forge  
  34  4:16  Gateway  
  34  4:32  Adept  
  34  4:33  Adept  
  32  4:48  Adept  
  32  4:50  Probe  
  32  4:51  Protoss Ground Weapons Level 1 (Chrono Boost)  
  31  5:02  Probe  
  31  5:03  Adept  
  32  5:14  Probe  
  33  5:17  Nexus  
  33  5:18  Pylon  
  33  5:25  Adept  
  35  5:28  Adept  
  35  5:34  Adept  
  39  5:49  Twilight Council  
  39  5:52  Pylon  
  39  6:08  Mothership Core  
  41  6:23  Adept x2  
  45  6:30  Probe  
  45  6:31  Zealot  
  47  6:42  Zealot  
  49  6:54  Probe  
  49  7:00  Probe  
  42  7:23  Probe  
  42  7:26  Assimilator  
  42  7:27  Adept x2  
  42  7:28  Assimilator  
  43  7:35  Pylon  
  43  7:38  Pylon  
  43  7:41  Probe  
  43  7:42  Probe  
  45  7:50  Blink (Chrono Boost)  
  45  7:58  Protoss Ground Weapons Level 2 (Chrono Boost)  
  45  8:11  Probe  
  46  8:23  Gateway  
  46  8:25  Gateway  
  46  8:28  Pylon  
  46  8:35  Pylon  
  46  8:36  Stalker  
  46  8:38  Stalker  
  50  9:00  Robotics Facility  
  50  9:04  Stalker  
  50  9:05  Stalker  
  54  9:13  Probe x2  
  56  9:22  Stalker x2  
  60  9:38  Zealot x2  
  64  9:41  Protoss Ground Armor Level 1 (Chrono Boost)  
  64  9:50  Immortal  
  64  9:51  Charge (Chrono Boost)  
  69  10:00  Probe  
  69  10:03  Stalker x2  
  69  10:05  Sentry  
  75  10:07  Sentry  
  77  10:29  Immortal  
  81  10:43  Probe  
  81  10:48  Zealot  
  82  11:08  Pylon  
  82  11:11  Pylon  
  80  11:19  Pylon  
  80  11:26  Immortal  
  80  11:29  Sentry x4  
  88  11:46  Gateway  
  88  11:48  Gateway  
  88  11:50  Pylon, Probe  
  87  11:55  Zealot  
  87  11:56  Zealot x3  
  87  12:34  Sentry x3  
  87  12:36  Immortal (Chrono Boost)  
  79  13:06  Stalker x3  
  63  13:35  Zealot x4  
  69  13:44  Immortal (Chrono Boost)  
  73  13:50  Gateway  
  73  13:51  Gateway  
  73  13:52  Gateway  
  73  13:55  Photon Cannon  
  73  13:57  Photon Cannon  
  73  13:58  Pylon x2  
  73  14:05  Pylon  
  67  14:17  Gateway  
  63  14:35  Stalker x3  
  63  14:36  Stalker  
Tags
 
Matchup
PvZ
Replay Pack
All Mines
Spawn Locations
Close Positions
Add a new tag
Caveats
  • Supply blocks, unpowered buildings, or Contaminate may cause inaccurate times.
  • Supply counts are checked every 10 seconds.